 Dungeon Crawl Stone Soup version 0.30-a0-142-g7370640ec8 (webtiles) character file.

Game seed: 5463804694535184129

5124 qw the Blocker (level 10, -13/60 HPs)
             Began as a Gargoyle Fighter on Sept 26, 2022.
             Was a Believer of Okawaru.
             Mangled by a death knight
             ... wielding a +0 battleaxe
              (15 damage)
             ... on level 9 of the Dungeon.
             The game lasted 00:03:19 (9342 turns).

qw the Blocker (Gargoyle Fighter)                   Turns: 9342, Time: 00:03:20

Health: -13/60     AC: 23    Str: 24    XL:     10   Next: 58%
Magic:  10/11      EV:  7    Int:  9    God:    Okawaru [**....]
Gold:   63         SH: 18    Dex:  9    Spells: 9/9 levels left

rFire   . . .      SeeInvis .    Y - +0 war axe (venom)
rCold   . . .      Faith    .    l - +0 tower shield
rNeg    + . .      Spirit   .    b - +0 plate armour
rPois   inf        Reflect  .    h - +0 helmet
rElec   +          Harm     .    (no cloak)
rCorr   .          Rampage  .    (no gloves)
Will    .....                    (no boots)
Stlth   ..........               o - amulet of regeneration
HPRegen 1.00/turn                (no ring)
MPRegen 0.12/turn                (no ring)

@: about to teleport, heroic
A: sickness immunity, AC +7, negative energy resistance 1, electricity
resistance, torment resistance 1, petrification resistance, low MP 1, passive
freeze
a: Renounce Religion, Heroism


You were on level 9 of the Dungeon.
You worshipped Okawaru.
Okawaru was pleased with you.
You visited 2 branches of the dungeon, and saw 10 of its levels.

You collected 507 gold pieces.
You spent 444 gold pieces at shops.


Innate Abilities, Weirdness & Mutations

You are immune to sickness and miasma.
Your stone body is resilient. (AC +7)
You are immune to poison.
You resist negative energy. (rN+)
You are resistant to electric shocks. (rElec)
You are resistant to unholy torment.
You are immune to petrification.
Your magical capacity is low. (-10% MP)
A frigid envelope surrounds you and freezes all who hurt you.


   Skills:
 - Level 6.0(11.0) Fighting
 + Level 8.8(13.8) Axes
 - Level 1.3(6.3) Throwing
 - Level 5.0(10.0) Armour
 - Level 1.6(6.6) Dodging
 - Level 11.0(16.0) Shields
 - Level 4.0 Invocations


You had 9 spell levels left.
You didn't know any spells.
Your spell library was empty.

Inventory:

Hand Weapons
 g - a +0 flail
 Y - a +0 war axe of venom (weapon)
Armour
 b - a +0 plate armour (worn)
 h - a +0 helmet (worn)
 i - a +1 chain mail of cold resistance
 j - a +0 pair of boots
 l - a +0 tower shield (worn)
 m - a +0 chain mail of fire resistance
Jewellery
 o - an amulet of regeneration (around neck)
Scrolls
 a - 5 scrolls of identify
 c - a scroll of teleportation
Potions
 d - a potion of might
 e - 2 potions of cancellation
 f - 2 potions of lignification
 k - 2 potions of mutation
 n - 4 potions of curing

Dungeon Overview and Level Annotations

Branches:
Dungeon (9/15)             Temple (1/1) D:7
   Lair: D:8-11         Orc: D:9-12

Altars:
Ashenzari
Cheibriados
Dithmenos
Elyvilon
Fedhas
Gozag
Hepliaklqana
Kikubaaqudgha
Makhleb
Nemelex Xobeh
Okawaru
Qazlal
Ru
Sif Muna
Trog
Uskayaw
Vehumet
Wu Jian
Xom
Yredelemnul
Zin
The Shining One

Shops:
D:1 =   D:4 *(   D:5 *   D:6 [   D:9 !

Annotations:
D:7 1 runed translucent door, qw's ghost, novice GrFi


Message History

The spectral unseen horror is engulfed in freezing vapours.
The spectral unseen horror barely misses you.
The spectral unseen horror is engulfed in freezing vapours.
The spectral unseen horror hits you but does no damage.
The spectral unseen horror resists.
The spectral unseen horror is very cold.
The spectral unseen horror is lightly damaged.
You block the howler monkey simulacrum's attack.
The death knight hits you with a +0 battleaxe.
The death knight is very cold.
The death knight is severely wounded.
9341 ||| READING 2 scrolls of teleportation.
As you read the scroll of teleportation, it crumbles to dust.
You feel strangely unstable.
The withered plant crumbles away.
The spectral unseen horror is engulfed in freezing vapours.
You block the spectral unseen horror's attack.
The spectral unseen horror is engulfed in freezing vapours.
You block the spectral unseen horror's attack.
The spectral unseen horror is engulfed in freezing vapours.
The spectral unseen horror barely misses you.
The howler monkey simulacrum hits you.
The howler monkey simulacrum freezes you!
The howler monkey simulacrum completely resists.
You block the death knight's attack.
You slash the howler monkey simulacrum!
The howler monkey simulacrum vaporises!
Okawaru accepts your kill.
You slash the death knight! You hit the spectral unseen horror.
The spectral unseen horror is engulfed in freezing vapours.
The spectral unseen horror hits you but does no damage.
The spectral unseen horror resists.
The spectral unseen horror is very cold.
The spectral unseen horror is heavily damaged.
The spectral unseen horror is engulfed in freezing vapours.
The spectral unseen horror closely misses you.
The spectral unseen horror is engulfed in freezing vapours.
You block the spectral unseen horror's attack.
The death knight hits you with a +0 battleaxe!
You die...

###...# ###. #..# #...###
#7PP...P #.## #'##### P..)8
#####'## ......# 77.... #.......
......# 7.... 77##.......
......###### 77...7777..%.......
......'....+ 7.WW77..'.##.......
......###### 7ZpZ7...####.......
......# 7.@.7#### #.......
......# #7...7 #####'## ###..##
##..P77 #..# ##.^### #...77 ##..
......### #..## ####### ......).#
###.##### #...... ......#)#
#.#.....####### #......
......#.###.#.###.......# #...)..
.....)#...#.#.#.#.#####...#......


You could see a death knight (extremely poisoned), a spectral unseen horror, 2
wraiths and a howler monkey simulacrum.

Vanquished Creatures
  An unseen horror (D:8)
  4 yaks (D:9)
  An unseen horror simulacrum (D:9)
  2 wyverns
  2 steam dragons
  2 water moccasins
  An orc warrior (D:7)
  Duvessa (D:5)
  A black bear (D:7)
  4 ice beasts
  3 ogres
  2 centaurs
  4 bullfrogs
  2 necrophages (D:6)
  A gnoll sergeant (D:7)
  2 scorpions
  10 wights
  Dowan (D:5)
  9 killer bees
  2 howler monkeys (D:8)
  A crimson imp (D:4)
  3 orc priests
  2 hounds (D:5)
  A jelly (D:6)
  3 iguanas
  Terence (D:2)
  5 orc wizards
  5 gnolls
  7 adders
  4 white imps
  A howler monkey simulacrum (D:9)
  3 ufetubi
  A worm (D:5)
  9 dart slugs
  28 orcs
  6 bats
  6 endoplasms
  A giant cockroach (D:2)
  4 goblins
  A hobgoblin (D:2)
  10 jackals
  6 kobolds
  3 quokkas
  4 ball pythons
  3 frilled lizards
  7 rats
180 creatures vanquished.

Vanquished Creatures (others)
  2 fungi (D:2)
  2 plants (D:2)
  12 withered plants (D:9)
16 creatures vanquished.

Grand Total: 196 creatures vanquished

Notes
Turn   | Place    | Note
-------+----------+-------------------------------------------
     0 | D:1      | qw the Gargoyle Fighter began the quest for the Orb.
     0 | D:1      | Reached XP level 1. HP: 14/14 MP: 1/1
     0 | D:1      | 0 ||| qw: Version: 0.2-a-10-g399e6c4
     0 | D:1      | 0 ||| qw: Game counter: 481
     0 | D:1      | 0 ||| qw: Always use a shield: true
     0 | D:1      | 0 ||| qw: God list: Okawaru
     0 | D:1      | 0 ||| qw: Allow faded altars: false
     0 | D:1      | 0 ||| qw: Do Orc after D:15 true
     0 | D:1      | 0 ||| qw: Do second Lair branch before Depths: true
     0 | D:1      | 0 ||| qw: Lair rune preference: random
     0 | D:1      | 0 ||| qw: Plans: Normal, Zot:1-4, God:TSO, Crypt, Tomb,
                  | Pan, Slime:5, Hells, Abyss, Orb
     0 | D:1      | 0 ||| PLANNING D:1-11
    13 | D:1      | Found Syopiem's Jewellery Emporium.
    45 | D:1      | 45 ||| SHOPLISTING amulet "Payng" {RegenMP Fragile rF++
                  | Regen+ Int+3} (552 gold, have 7).
    45 | D:1      | 45 ||| SHOPLISTING amulet of guardian spirit (300 gold,
                  | have 7).
    45 | D:1      | 45 ||| SHOPLISTING ring "Udatsuw" {*Corrode Int+4 Dex+6
                  | SInv} (500 gold, have 7).
    45 | D:1      | 45 ||| SHOPLISTING ring of fire (250 gold, have 7).
    45 | D:1      | 45 ||| SHOPLISTING ring of positive energy (200 gold, have
                  | 7).
    45 | D:1      | 45 ||| SHOPLISTING ring of protection from fire (250 gold,
                  | have 7).
    45 | D:1      | 45 ||| SHOPLISTING ring of resist corrosion (200 gold, have
                  | 7).
    96 | D:1      | Reached XP level 2. HP: 17/19 MP: 2/2
   173 | D:1      | 173 ||| Stepping ~*~*~tactically~*~*~ (hiding).
   695 | D:1      | Reached skill level 3 in Axes
   770 | D:1      | 770 ||| UPGRADING to +0 helmet.
   775 | D:1      | 775 ||| READING 3 scrolls labelled ADOUDY VIOTE.
   776 | D:1      | 776 ||| READING scroll labelled CEXYOR ACOEMMU.
   777 | D:1      | 777 ||| READING 2 scrolls of identify.
   777 | D:1      | 777 ||| IDENTIFYING puce potion
   778 | D:1      | 778 ||| DROPPING potion of flight.
   828 | D:2      | Reached XP level 3. HP: 23/23 MP: 3/3
   899 | D:2      | 899 ||| Stepping ~*~*~tactically~*~*~ (stealth).
   900 | D:2      | 900 ||| Stepping ~*~*~tactically~*~*~ (stealth).
   902 | D:2      | 902 ||| Stepping ~*~*~tactically~*~*~ (stealth).
   903 | D:2      | 903 ||| Stepping ~*~*~tactically~*~*~ (stealth).
   905 | D:2      | 905 ||| Stepping ~*~*~tactically~*~*~ (stealth).
  1085 | D:2      | Reached skill level 1 in Throwing
  1284 | D:2      | Noticed Terence
  1291 | D:2      | Killed Terence
  1292 | D:2      | Reached XP level 4. HP: 18/28 MP: 4/4
  1354 | D:2      | 1354 ||| FLEEEEING.
  1482 | D:2      | Found a faded altar of an unknown god.
  2099 | D:2      | 2099 ||| UPGRADING to +0 chain mail.
  2109 | D:2      | 2109 ||| DROPPING +0 scale mail.
  2110 | D:2      | 2110 ||| DROPPING +6 ring of intelligence.
  2111 | D:2      | 2111 ||| READING scroll labelled UGEFOA JYLE.
  2112 | D:2      | 2112 ||| READING 2 scrolls of identify.
  2112 | D:2      | 2112 ||| IDENTIFYING metallic green potion
  2113 | D:2      | 2113 ||| DROPPING potion of invisibility.
  2167 | D:3      | 2167 ||| DROPPING +0 whip.
  2185 | D:3      | 2185 ||| Stepping ~*~*~tactically~*~*~ (hiding).
  2187 | D:3      | 2187 ||| Stepping ~*~*~tactically~*~*~ (hiding).
  2202 | D:3      | Reached XP level 5. HP: 27/32 MP: 5/5
  2605 | D:3      | 2605 ||| UPGRADING to +1 chain mail of cold resistance.
  2615 | D:3      | 2615 ||| DROPPING +0 chain mail.
  2616 | D:3      | 2616 ||| READING scroll labelled WIL EMEIMES.
  2617 | D:3      | 2617 ||| READING scroll labelled MICI JEF KUEMM.
  2620 | D:3      | 2620 ||| READING 3 scrolls of identify.
  2620 | D:3      | 2620 ||| IDENTIFYING lumpy purple potion
  2621 | D:3      | 2621 ||| READING 2 scrolls of identify.
  2621 | D:3      | 2621 ||| IDENTIFYING orange potion
  2622 | D:3      | 2622 ||| DROPPING potion of magic.
  2632 | D:4      | 2632 ||| Stepping ~*~*~tactically~*~*~ (hiding).
  2633 | D:4      | 2633 ||| FLEEEEING.
  2634 | D:4      | 2634 ||| FLEEEEING.
  2635 | D:4      | 2635 ||| FLEEEEING.
  2637 | D:4      | 2637 ||| STAIRDANCE
  2676 | D:4      | 2676 ||| Stepping ~*~*~tactically~*~*~ (hiding).
  2736 | D:4      | 2736 ||| FLEEEEING.
  2737 | D:4      | 2737 ||| STAIRDANCE
  2904 | D:4      | Reached XP level 6. HP: 37/37 MP: 6/6
  2988 | D:4      | 2988 ||| Stepping ~*~*~tactically~*~*~ (hiding).
  2991 | D:4      | 2991 ||| Stepping ~*~*~tactically~*~*~ (stealth).
  3238 | D:4      | Found Guth's Antique Weapon Emporium.
  3242 | D:4      | Found Giosk's Assorted Antiques.
  3250 | D:4      | 3250 ||| BUYING 2 purple potions (43 gold).
  3250 | D:4      | Bought 2 purple potions for 43 gold pieces
  3250 | D:4      | 3250 ||| BUYING lumpy dark potion (21 gold).
  3250 | D:4      | Bought a lumpy dark potion for 21 gold pieces
  3250 | D:4      | 3250 ||| BUYING scroll labelled EMOIBBILOA (24 gold).
  3250 | D:4      | Bought a scroll labelled EMOIBBILOA for 24 gold pieces
  3306 | D:4      | 3306 ||| SHOPLISTING broad axe (108 gold, have 100).
  3306 | D:4      | 3306 ||| SHOPLISTING translucent hand axe (216 gold, have
                  | 100).
  3398 | D:4      | Found a radiant altar of Vehumet.
  3399 | D:4      | 3399 ||| Stepping ~*~*~tactically~*~*~ (hiding).
  3423 | D:4      | 3423 ||| Stepping ~*~*~tactically~*~*~ (hiding).
  3531 | D:4      | Found a burning altar of Makhleb.
  3708 | D:4      | 3708 ||| Stepping ~*~*~tactically~*~*~ (hiding).
  3943 | D:4      | 3943 ||| Stepping ~*~*~tactically~*~*~ (stealth).
  4064 | D:4      | 4064 ||| READING scroll labelled PAOVOYCONE.
  4165 | D:4      | 4165 ||| READING 2 scrolls labelled CUJOM LILITZEG.
  4166 | D:4      | 4166 ||| READING scroll labelled EMOIBBILOA.
  4167 | D:4      | 4167 ||| DRINKING 2 purple potions.
  4167 | D:4      | Gained mutation: A frigid envelope surrounds you and
                  | freezes all who hurt you. [potion of mutation]
  4167 | D:4      | Gained mutation: Your magical capacity is low. (-10% MP)
                  | [potion of mutation]
  4168 | D:4      | 4168 ||| READING 5 scrolls of identify.
  4168 | D:4      | 4168 ||| IDENTIFYING sedimented white potion
  4169 | D:4      | 4169 ||| READING 4 scrolls of identify.
  4169 | D:4      | 4169 ||| IDENTIFYING bubbling amethyst potion
  4170 | D:4      | 4170 ||| READING 3 scrolls of identify.
  4170 | D:4      | 4170 ||| IDENTIFYING lumpy dark potion
  4171 | D:4      | 4171 ||| READING 2 scrolls of identify.
  4171 | D:4      | 4171 ||| IDENTIFYING black potion
  4172 | D:4      | 4172 ||| DROPPING scroll of poison.
  4173 | D:4      | 4173 ||| DROPPING potion of ambrosia.
  4174 | D:4      | 4174 ||| DROPPING potion of berserk rage.
  4186 | D:5      | Entered Level 5 of the Dungeon
  4186 | D:5      | Found Yrchael's Assorted Antiques.
  4189 | D:5      | 4189 ||| SHOPLISTING glowing broad axe (196 gold, have
                  | 118).
  4189 | D:5      | 4189 ||| SHOPLISTING pair of embroidered boots (210 gold,
                  | have 118).
  4189 | D:5      | 4189 ||| SHOPLISTING potion of mutation (224 gold, have
                  | 118).
  4189 | D:5      | 4189 ||| BUYING scroll labelled ELEGIR GUHOUF (28 gold).
  4189 | D:5      | Bought a scroll labelled ELEGIR GUHOUF for 28 gold pieces
  4189 | D:5      | 4189 ||| BUYING scroll of identify (56 gold).
  4189 | D:5      | Bought a scroll of identify for 56 gold pieces
  4189 | D:5      | 4189 ||| SHOPLISTING scroll of identify (56 gold, have 34).
  4230 | D:5      | Reached skill level 6 in Axes
  4279 | D:5      | Reached skill level 1 in Dodging
  4279 | D:5      | Reached XP level 7. HP: 19/43 MP: 6/6
  4463 | D:5      | Noticed Dowan
  4465 | D:5      | Noticed Duvessa
  4468 | D:5      | Killed Dowan
  4475 | D:5      | HP: 10/43 [Duvessa/+0 short sword (1)]
  4475 | D:5      | Killed Duvessa
  4962 | D:5      | 4962 ||| FLEEEEING.
  4967 | D:5      | 4967 ||| FLEEEEING.
  4968 | D:5      | 4968 ||| FLEEEEING.
  4969 | D:5      | 4969 ||| FLEEEEING.
  4970 | D:5      | 4970 ||| FLEEEEING.
  4975 | D:5      | 4975 ||| FLEEEEING.
  4976 | D:5      | 4976 ||| FLEEEEING.
  4977 | D:5      | 4977 ||| FLEEEEING.
  4978 | D:5      | 4978 ||| FLEEEEING.
  4979 | D:5      | 4979 ||| FLEEEEING.
  4980 | D:5      | 4980 ||| FLEEEEING.
  4981 | D:5      | 4981 ||| FLEEEEING.
  4982 | D:5      | 4982 ||| FLEEEEING.
  4988 | D:5      | 4988 ||| STAIRDANCE
  5019 | D:4      | 5019 ||| READING scroll labelled ELEGIR GUHOUF.
  5020 | D:4      | 5020 ||| READING 2 scrolls of identify.
  5020 | D:4      | 5020 ||| IDENTIFYING fizzy brown potion
  5021 | D:4      | 5021 ||| DROPPING potion of brilliance.
  5079 | D:5      | Reached XP level 8. HP: 49/49 MP: 7/7
  5131 | D:5      | 5131 ||| Stepping ~*~*~tactically~*~*~ (stealth).
  5132 | D:5      | 5132 ||| Stepping ~*~*~tactically~*~*~ (stealth).
  5492 | D:5      | You fall into a shaft and drop 2 floors!
  5536 | D:7      | 5536 ||| UPGRADING to +0 plate armour.
  5609 | D:6      | Found Namayrr's Antique Armour Shop.
  5674 | D:6      | 5674 ||| Stepping ~*~*~tactically~*~*~ (stealth).
  5776 | D:6      | Found a stormy altar of Qazlal.
  5803 | D:6      | 5803 ||| Stepping ~*~*~tactically~*~*~ (stealth).
  5804 | D:6      | 5804 ||| Stepping ~*~*~tactically~*~*~ (stealth).
  5810 | D:6      | HP: 4/50 [ogre/+0 giant club (15)]
  5811 | D:6      | Reached skill level 6 in Fighting
  5811 | D:6      | 5811 ||| READING scroll of teleportation.
  5812 | D:6      | 5812 ||| DRINKING potion of heal wounds.
  5826 | D:6      | 5826 ||| Stepping ~*~*~tactically~*~*~ (stealth).
  5828 | D:6      | 5828 ||| Stepping ~*~*~tactically~*~*~ (stealth).
  5830 | D:6      | 5830 ||| Stepping ~*~*~tactically~*~*~ (stealth).
  5832 | D:6      | 5832 ||| Stepping ~*~*~tactically~*~*~ (stealth).
  5839 | D:6      | 5839 ||| Stepping ~*~*~tactically~*~*~ (stealth).
  5845 | D:6      | 5845 ||| Stepping ~*~*~tactically~*~*~ (stealth).
  5850 | D:6      | 5850 ||| Stepping ~*~*~tactically~*~*~ (stealth).
  5937 | D:6      | 5937 ||| Stepping ~*~*~tactically~*~*~ (stealth).
  5942 | D:6      | 5942 ||| Stepping ~*~*~tactically~*~*~ (stealth).
  5945 | D:6      | 5945 ||| Stepping ~*~*~tactically~*~*~ (stealth).
  5973 | D:6      | 5973 ||| Stepping ~*~*~tactically~*~*~ (stealth).
  5974 | D:6      | 5974 ||| Stepping ~*~*~tactically~*~*~ (stealth).
  5976 | D:6      | 5976 ||| Stepping ~*~*~tactically~*~*~ (stealth).
  5991 | D:6      | 5991 ||| Stepping ~*~*~tactically~*~*~ (stealth).
  5996 | D:6      | 5996 ||| Stepping ~*~*~tactically~*~*~ (stealth).
  6116 | D:6      | 6116 ||| READING 4 scrolls of identify.
  6116 | D:6      | 6116 ||| IDENTIFYING sedimented amethyst potion
  6466 | D:6      | 6466 ||| Stepping ~*~*~tactically~*~*~ (hiding).
  6469 | D:6      | 6469 ||| Stepping ~*~*~tactically~*~*~ (hiding).
  6478 | D:6      | 6478 ||| Stepping ~*~*~tactically~*~*~ (stealth).
  6512 | D:6      | 6512 ||| BUYING tower shield (76 gold).
  6512 | D:6      | Bought a tower shield for 76 gold pieces
  6655 | D:6      | 6655 ||| UPGRADING to +0 tower shield.
  6665 | D:6      | 6665 ||| DROPPING +0 buckler.
  6666 | D:6      | 6666 ||| READING 3 scrolls of identify.
  6666 | D:6      | 6666 ||| IDENTIFYING green potion
  6667 | D:6      | 6667 ||| DROPPING potion of degeneration.
  6701 | D:7      | 6701 ||| STAIRDANCE
  6708 | D:7      | Reached skill level 4 in Shields
  6708 | D:7      | Reached XP level 9. HP: 55/55 MP: 8/8
  6710 | D:7      | Reached skill level 5 in Shields
  6731 | D:7      | 6731 ||| Stepping randomly (cloudy).
  6734 | D:7      | HP: 13/55 [steam dragon] (12)]
  6737 | D:7      | 6737 ||| Stepping ~*~*~tactically~*~*~ (cloud).
  7011 | D:7      | Reached skill level 6 in Shields
  7149 | D:7      | 7149 ||| Stepping ~*~*~tactically~*~*~ (stealth).
  7150 | D:7      | 7150 ||| Stepping ~*~*~tactically~*~*~ (stealth).
  7153 | D:7      | 7153 ||| Stepping ~*~*~tactically~*~*~ (stealth).
  7181 | D:7      | 7181 ||| Stepping ~*~*~tactically~*~*~ (stealth).
  7183 | D:7      | 7183 ||| Stepping ~*~*~tactically~*~*~ (hiding).
  7196 | D:7      | 7196 ||| Stepping ~*~*~tactically~*~*~ (stealth).
  7213 | D:7      | 7213 ||| Stepping ~*~*~tactically~*~*~ (stealth).
  7215 | D:7      | 7215 ||| Stepping ~*~*~tactically~*~*~ (stealth).
  7284 | D:7      | Reached skill level 7 in Shields
  7290 | D:7      | Found a staircase to the Ecumenical Temple.
  7291 | D:7      | 7291 ||| PLANNING TEMPLE
  7291 | D:7      | 7291 ||| READING scroll labelled QEUFIANIFU.
  7297 | D:7      | 7297 ||| READING scroll of teleportation.
  7432 | D:7      | Found a runed translucent door.
  7432 | D:7      | Noticed a deep elf pyromancer
  7432 | D:7      | Noticed qw's ghost (novice GrFi)
  7469 | D:7      | 7469 ||| READING scroll labelled DUSIBB CUSYWN.
  7484 | Temple   | Entered the Ecumenical Temple
  7550 | Temple   | 7550 ||| PLANNING OKAWARU WORSHIP
  7781 | Temple   | Became a worshipper of Warmaster Okawaru
  7782 | Temple   | 7782 ||| PLANNING D:1-11
  7882 | D:8      | 7882 ||| Stepping ~*~*~tactically~*~*~ (stealth).
  7891 | D:8      | Reached skill level 8 in Shields
  8074 | D:8      | Reached skill level 9 in Shields
  8159 | D:8      | Killed an unseen horror
  8159 | D:8      | Reached * piety under Okawaru
  8160 | D:8      | Reached XP level 10. HP: 34/60 MP: 9/9
  8296 | D:8      | Reached skill level 10 in Shields
  8296 | D:8      | Reached skill level 1 in Invocations
  8506 | D:8      | Found a basalt altar of Yredelemnul.
  8519 | D:8      | Found a shimmering altar of Xom.
  8520 | D:8      | Found a hide-covered altar of Uskayaw.
  8682 | D:8      | 8682 ||| INVOKING Heroism.
  8881 | D:8      | 8881 ||| UPGRADING to amulet of regeneration.
  8886 | D:8      | 8886 ||| DROPPING ring of wizardry.
  8887 | D:8      | 8887 ||| READING scroll labelled RAUNGU ZEUWU.
  9016 | D:9      | 9016 ||| Stepping ~*~*~tactically~*~*~ (stealth).
  9022 | D:9      | 9022 ||| INVOKING Heroism.
  9026 | D:9      | Reached skill level 3 in Invocations
  9037 | D:9      | Reached ** piety under Okawaru
  9068 | D:9      | 9068 ||| INVOKING Heroism.
  9076 | D:9      | Reached skill level 11 in Shields
  9133 | D:9      | Found Doukuc's Distillery.
  9141 | D:9      | 9141 ||| BUYING potion of cancellation (112 gold).
  9141 | D:9      | Bought a potion of cancellation for 112 gold pieces
  9141 | D:9      | 9141 ||| BUYING potion of curing (42 gold).
  9141 | D:9      | Bought a potion of curing for 42 gold pieces
  9141 | D:9      | 9141 ||| SHOPLISTING potion of haste (140 gold, have 105).
  9141 | D:9      | 9141 ||| BUYING potion of lignification (42 gold).
  9141 | D:9      | Bought a potion of lignification for 42 gold pieces
  9211 | D:9      | 9211 ||| Stepping ~*~*~tactically~*~*~ (hiding).
  9217 | D:9      | 9217 ||| INVOKING Heroism.
  9271 | D:9      | 9271 ||| DROPPING +2 mace of holy wrath.
  9328 | D:9      | Noticed a death knight
  9328 | D:9      | Noticed a spectral unseen horror
  9329 | D:9      | Found the +4 dagger "Morg" {pain, Will+ Int+5}
  9330 | D:9      | 9330 ||| INVOKING Heroism.
  9340 | D:9      | HP: 10/60 [death knight/+0 battleaxe (6)]
  9341 | D:9      | 9341 ||| READING 2 scrolls of teleportation.
  9341 | D:9      | HP: 1/60 [howler monkey simulacrum (8)]
  9342 | D:9      | Mangled by a death knight

Levels and vault maps discovered:
D:1:      amcnicky_arrival_blooded_trapdoor, layout_rooms, serial_shops, shop,
          roderic_lattice_a
D:2:      layout_basic, dreamdust_ecumenical_altar_grove,
          kennysheep_generic_room_9, uniq_terence
D:3:      layout_rooms
D:4:      kennysheep_slugbush, layout_basic,
          grunt_temple_overflow_lords_of_destruction, kennysheep_minor_cross,
          nicolae_wooded_promenade
D:5:      layout_loops_ring, nicolae_stop_n_shop_2, uniq_duvessa
D:6:      minmay_inner_zag, layout_cave_pools, mainiacjoe_overflow_catwalk,
          serial_shops, nicolae_shop_waterfront, minmay_holes,
          nrook_mini_backslash, st_stairs_8
D:7:      layout_rooms, minmay_temple_entry_stoned_glass,
          ebering_ghost_inner_flame
D:8:      layout_loops_cross, gammafunk_temple_overflow_forgotten, st_stairs_7
D:9:      layout_roguey, lair_entry_dummy, serial_shops, shop,
          dilly_guarded_unrand_morg
Temple:   minmay_temple_bridge_d

Skill      XL: |  1  2  3  4  5  6  7  8  9 10 |
---------------+-------------------------------+-----
Axes           | 2 3 4 5 6 7 8 |  8.8
Throwing       | 1 |  1.3
Fighting       | 4 5 6 |  6.0
Dodging        | 1 |  1.6
Armour         | 5 |  5.0
Shields        | 4 9 11 | 11.0
Invocations    | 4 |  4.0

Action                   |  1- 3 |  4- 6 |  7- 9 | 10-12 || total
-------------------------+-------+-------+-------+-------++-------
Melee: War axe           |    74 |   146 |   190 |    93 ||   503
Throw: Javelin           |    25 |    24 |       |       ||    49
Invok: Heroism           |       |       |       |     5 ||     5
  Use: Scroll            |     3 |    13 |     8 |     2 ||    26
       Potion            |       |     1 |     1 |       ||     2
Armor: Scale mail        |    33 |       |       |       ||    33
       Chain mail        |       |    82 |    40 |       ||   122
       Plate armour      |       |       |    97 |    39 ||   136
Dodge: Dodged            |    39 |    40 |    26 |    20 ||   125
Block: Buckler           |    15 |    27 |    12 |       ||    54
       Tower shield      |       |       |    67 |    87 ||   154

Table legend:
 A = Non-vault XP
 B = Vault XP
 C = Vault XP percentage of total XP
 D = Non-vault monster count
 E = Vault monster count
 F = Vault count percentage of total count
                 A         B        C        D         E       F
            +---------+---------+-------+---------+---------+-------
      Total |    6018 |    1312 |  17.9 |     157 |      23 |  12.8
            +---------+---------+-------+---------+---------+-------
        D:1 |      32 |       0 |   0.0 |      19 |       0 |   0.0
        D:2 |      32 |      50 |  61.0 |      12 |       2 |  14.3
        D:3 |      85 |       0 |   0.0 |      16 |       0 |   0.0
        D:4 |     258 |      76 |  22.8 |      21 |       8 |  27.6
        D:5 |    1006 |     207 |  17.1 |      18 |       2 |  10.0
        D:6 |     372 |     166 |  30.9 |      10 |       7 |  41.2
        D:7 |    1145 |       0 |   0.0 |      19 |       0 |   0.0
        D:8 |    1242 |     599 |  32.5 |      26 |       2 |   7.1
        D:9 |    1846 |     214 |  10.4 |      16 |       2 |  11.1
            +---------+---------+-------+---------+---------+-------
